| TOP OF THE 1ST |
|
Round Rock Express batting - Pitching for Nashville Sounds : RHP Victor Sanchez
|
|
Pitching: RHP Victor Sanchez
|
|
|
Batting: SHB Javy Rosa
|
0-0: Ball 1-0: DOUBLE (Flyball, 8RXD, EV 91.9 MPH)
|
|
Batting: LHB Barend van der Kamp
|
0-0: Called Strike Javy Rosa steals 3rd base 0-1: Ball 1-1: Ball 2-1: Ball 3-1: Foul Ball, location: 2F 3-2: Ground out 6-3 (Groundball, 6, EV 86.9 MPH) Javy Rosa scores
|
|
Batting: RHB Ryan Kinkead
|
0-0: Ball 1-0: SOLO HOME RUN (Flyball, 7LD, EV 94.4 MPH), Distance : 362 ft
|
|
Batting: RHB Noah Stanley
|
0-0: Ball 1-0: Ball 2-0: Swinging Strike 2-1: Foul Ball, location: 2F 2-2: Strikes out looking
|
|
Batting: RHB Jarrod Joyce
|
0-0: Ball 1-0: Ball 2-0: Called Strike 2-1: Ball 3-1: Called Strike 3-2: Strikes out swinging
|
| Top of the 1st over - 2 runs, 2 hits, 0 errors, 0 left on base; Round Rock 2 - Nashville 0 |
| BOTTOM OF THE 1ST |
|
Nashville Sounds batting - Pitching for Round Rock Express : RHP Joe Bradford
|
|
Pitching: RHP Joe Bradford
|
|
|
Batting: SHB Robert Santiago
|
0-0: Fly out, F2 (Popup, 25F, EV 79.4 MPH)
|
|
Batting: LHB Tomas Segarra
|
0-0: Ball 1-0: Ball 2-0: Called Strike 2-1: Ball 3-1: Swinging Strike 3-2: Strikes out swinging
|
|
Batting: RHB Tim Cordle
|
0-0: Ball 1-0: Foul Ball, location: 2F 1-1: Swinging Strike 1-2: Ball 2-2: Fly out, F3 (Popup, 3SF, EV 69.4 MPH)
|
| Bottom of the 1st over - 0 runs, 0 hits, 0 errors, 0 left on base; Round Rock 2 - Nashville 0 |
| TOP OF THE 2ND |
|
Round Rock Express batting - Pitching for Nashville Sounds : RHP Victor Sanchez
|
|
Batting: SHB Dan Lash
|
0-0: Ball 1-0: Ball 2-0: Called Strike 2-1: SINGLE (Line Drive, 6MD, EV 98.8 MPH)
|
|
Batting: RHB Ivan Colon
|
0-0: Foul Ball, location: 2F 0-1: Ball 1-1: Called Strike 1-2: Ball Wild Pitch! Dan Lash to second 2-2: Fly out, F7 (Flyball, 78S, EV 85.6 MPH)
|
|
Batting: RHB Adryão Anto
|
0-0: Ball 1-0: Foul Ball, location: 2F 1-1: Called Strike 1-2: Strikes out swinging
|
|
Batting: RHB Jeremy Boerman
|
0-0: Ball 1-0: Ball 2-0: Called Strike 2-1: Foul Ball, location: 2F 2-2: Fly out, F7 (Line Drive, 78M, EV 94.4 MPH)
|
| Top of the 2nd over - 0 runs, 1 hit, 0 errors, 1 left on base; Round Rock 2 - Nashville 0 |
| BOTTOM OF THE 2ND |
|
Nashville Sounds batting - Pitching for Round Rock Express : RHP Joe Bradford
|
|
Batting: RHB David Herrera
|
0-0: Ball 1-0: Ground out 5-3 (Groundball, 5, EV 93.1 MPH)
|
|
Batting: LHB Ben Goldstein
|
0-0: Called Strike 0-1: Foul Ball, location: 2F 0-2: Ball 1-2: Strikes out swinging
|
|
Batting: LHB Gregg Power
|
0-0: Ball 1-0: Ball 2-0: Called Strike 2-1: Foul Ball, location: 2F 2-2: Ball 3-2: Base on Balls
|
|
Batting: RHB Wade Diamond
|
0-0: Foul Ball, location: 2F 0-1: Fly out, F3 (Line Drive, 3L, EV 62.5 MPH)
|
| Bottom of the 2nd over - 0 runs, 0 hits, 0 errors, 1 left on base; Round Rock 2 - Nashville 0 |
| TOP OF THE 3RD |
|
Round Rock Express batting - Pitching for Nashville Sounds : RHP Victor Sanchez
|
|
Batting: SHB Javy Rosa
|
0-0: Swinging Strike 0-1: Ball 1-1: Swinging Strike 1-2: Ball 2-2: Ground out 1-3 (Groundball, 13S, EV 63.1 MPH)
|
|
Batting: LHB Barend van der Kamp
|
0-0: Called Strike 0-1: Foul Ball, location: 2F 0-2: Foul Ball, location: 2F 0-2: Ball 1-2: Ball 2-2: Ball 3-2: Fly out, F9 (Flyball, 9LM, EV 101.2 MPH)
|
|
Batting: RHB Ryan Kinkead
|
0-0: Called Strike 0-1: Ground out 5-3 (Groundball, 5, EV 84.4 MPH)
|
| Top of the 3rd over - 0 runs, 0 hits, 0 errors, 0 left on base; Round Rock 2 - Nashville 0 |
| BOTTOM OF THE 3RD |
|
Nashville Sounds batting - Pitching for Round Rock Express : RHP Joe Bradford
|
|
Batting: RHB Yonetoshi Muranaka
|
0-0: Ball 1-0: Swinging Strike 1-1: Called Strike 1-2: Ball 2-2: Ball 3-2: SINGLE (Groundball, 6MD, EV 100.6 MPH)
|
|
Batting: RHB Tony Crespo
|
0-0: Called Strike 0-1: Called Strike 0-2: Foul Ball, location: 2F 0-2: Strikes out swinging
|
|
Batting: SHB Robert Santiago
|
0-0: Ball 1-0: Ball 2-0: Ball 3-0: Called Strike 3-1: Foul Ball, location: 2F 3-2: DOUBLE (Line Drive, 78M, EV 88.8 MPH) Yonetoshi Muranaka to third Yonetoshi Muranaka scores
|
|
Batting: LHB Tomas Segarra
|
0-0: Foul Ball, location: 2F 0-1: Called Strike 0-2: Strikes out looking
|
|
Batting: RHB Tim Cordle
|
0-0: Ball 1-0: Called Strike 1-1: Fly out, F9 (Line Drive, 9LM, EV 85.6 MPH)
|
| Bottom of the 3rd over - 1 run, 2 hits, 0 errors, 1 left on base; Round Rock 2 - Nashville 1 |
| TOP OF THE 4TH |
|
Round Rock Express batting - Pitching for Nashville Sounds : RHP Victor Sanchez
|
|
Batting: RHB Noah Stanley
|
0-0: Swinging Strike 0-1: Called Strike 0-2: Strikes out swinging
|
|
Batting: RHB Jarrod Joyce
|
0-0: SINGLE (Groundball, 6MD, EV 101.9 MPH)
|
|
Batting: SHB Dan Lash
|
0-0: Ball 1-0: Ball 2-0: Ball 3-0: Called Strike 3-1: Base on Balls Jarrod Joyce to second
|
|
Batting: RHB Ivan Colon
|
0-0: Called Strike Dan Lash steals 2nd base Jarrod Joyce steals 3rd base 0-1: Ball 1-1: Ball Wild Pitch! Jarrod Joyce scores Dan Lash to third 2-1: Fly out, F8 (Flyball, 8RXD, EV 102.5 MPH) Runner from 3rd tags up, SCORES, no throw by CF
|
|
Batting: RHB Adryão Anto
|
0-0: Foul Ball, location: 2F 0-1: Ball 1-1: Ground out 5-3 (Groundball, 56, EV 83.8 MPH)
|
| Top of the 4th over - 2 runs, 1 hit, 0 errors, 0 left on base; Round Rock 4 - Nashville 1 |
| BOTTOM OF THE 4TH |
|
Nashville Sounds batting - Pitching for Round Rock Express : RHP Joe Bradford
|
|
Batting: RHB David Herrera
|
0-0: Swinging Strike 0-1: Swinging Strike 0-2: Ground out 4-3 (Groundball, 4MD, EV 105.6 MPH)
|
|
Batting: LHB Ben Goldstein
|
0-0: Called Strike 0-1: Ground out 4-3 (Groundball, 4, EV 104.4 MPH)
|
|
Batting: LHB Gregg Power
|
0-0: Fly out, F9 (Flyball, 89M, EV 91.9 MPH)
|
| Bottom of the 4th over - 0 runs, 0 hits, 0 errors, 0 left on base; Round Rock 4 - Nashville 1 |
| TOP OF THE 5TH |
|
Round Rock Express batting - Pitching for Nashville Sounds : RHP Victor Sanchez
|
|
Batting: RHB Jeremy Boerman
|
0-0: Swinging Strike 0-1: Ball 1-1: Swinging Strike 1-2: Strikes out swinging
|
|
Batting: SHB Javy Rosa
|
0-0: Ball 1-0: Foul Ball, location: 2F 1-1: Ball 2-1: Ball 3-1: Fly out, F5 (Popup, 5SF, EV 73.1 MPH)
|
|
Batting: LHB Barend van der Kamp
|
0-0: Ball 1-0: Foul Ball, location: 2F 1-1: Ball 2-1: Foul Ball, location: 2F 2-2: Ball 3-2: Foul Ball, location: 2F 3-2: Foul Ball, location: 2F 3-2: Fly out, F8 (Flyball, 78XD, EV 111.2 MPH)
|
| Top of the 5th over - 0 runs, 0 hits, 0 errors, 0 left on base; Round Rock 4 - Nashville 1 |
| BOTTOM OF THE 5TH |
|
Nashville Sounds batting - Pitching for Round Rock Express : RHP Joe Bradford
|
|
Batting: RHB Wade Diamond
|
0-0: Ball 1-0: Called Strike 1-1: Ball 2-1: Called Strike 2-2: SINGLE (Line Drive, 7S, EV 95.0 MPH)
|
|
Batting: RHB Yonetoshi Muranaka
|
0-0: Ball 1-0: Swinging Strike 1-1: Ball 2-1: DOUBLE (Line Drive, 9LS, EV 103.8 MPH) Wade Diamond to third
|
|
Batting: RHB Tony Crespo
|
0-0: Ball 1-0: Ball 2-0: Foul Ball, location: 2F 2-1: Called Strike 2-2: Strikes out swinging
|
|
Batting: SHB Robert Santiago
|
0-0: Ball 1-0: Called Strike 1-1: Ball 2-1: Foul Ball, location: 2F 2-2: Strikes out looking
|
|
Batting: LHB Tomas Segarra
|
0-0: Ball 1-0: Called Strike 1-1: Swinging Strike 1-2: Foul Ball, location: 2F 1-2: Ball 2-2: Foul Ball, location: 2F 2-2: Foul Ball, location: 2F 2-2: Ground out 6-3 (Groundball, 6, EV 91.2 MPH)
|
| Bottom of the 5th over - 0 runs, 2 hits, 0 errors, 2 left on base; Round Rock 4 - Nashville 1 |
| TOP OF THE 6TH |
|
Round Rock Express batting - Pitching for Nashville Sounds : RHP Victor Sanchez
|
|
Pitching: RHP Ben Voorhees
|
|
|
Batting: SHB Pat Wilson
|
0-0: Foul Ball, location: 2F 0-1: Swinging Strike 0-2: Foul Ball, location: 2F 0-2: Ball 1-2: Strikes out looking
|
|
Batting: RHB Noah Stanley
|
0-0: Ball 1-0: Swinging Strike 1-1: Ball 2-1: Ball 3-1: Swinging Strike 3-2: Fly out, F8 (Flyball, 8LS, EV 78.1 MPH)
|
|
Batting: RHB Jarrod Joyce
|
0-0: Ball 1-0: Foul Ball, location: 2F 1-1: Ground out 6-3 (Groundball, 56, EV 99.4 MPH)
|
| Top of the 6th over - 0 runs, 0 hits, 0 errors, 0 left on base; Round Rock 4 - Nashville 1 |
| BOTTOM OF THE 6TH |
|
Nashville Sounds batting - Pitching for Round Rock Express : RHP Joe Bradford
|
|
Batting: RHB Tim Cordle
|
0-0: Ball 1-0: Ball 2-0: Called Strike 2-1: Swinging Strike 2-2: Ball 3-2: Base on Balls
|
|
Batting: RHB David Herrera
|
0-0: Swinging Strike 0-1: Called Strike 0-2: Fly out, F3 (Popup, 34S, EV 77.5 MPH)
|
|
Batting: LHB Ben Goldstein
|
0-0: Called Strike 0-1: Ball 1-1: DOUBLE (Line Drive, 89D, EV 106.9 MPH) Tim Cordle to third
|
|
Pinch Runner at 2nd Zachary DeLuca:
|
|
|
Batting: LHB Gregg Power
|
0-0: Ball 1-0: Ball 2-0: Called Strike 2-1: Fly out, F7 (Flyball, 7D, EV 98.8 MPH)
|
|
Pitching: LHP Jordan Ruiz
|
|
|
Batting: RHB Wade Diamond
|
0-0: Ground out 5-3 (Groundball, 56, EV 86.2 MPH)
|
| Bottom of the 6th over - 0 runs, 1 hit, 0 errors, 2 left on base; Round Rock 4 - Nashville 1 |
| TOP OF THE 7TH |
|
Round Rock Express batting - Pitching for Nashville Sounds : RHP Ben Voorhees
|
|
Batting: SHB Dan Lash
|
0-0: Swinging Strike 0-1: Ball 1-1: Foul Ball, location: 2F 1-2: Ball 2-2: Ground out 5-3 (Groundball, 56, EV 83.1 MPH)
|
|
Batting: RHB Ivan Colon
|
0-0: Foul Ball, location: 2F 0-1: Ball 1-1: Ball 2-1: Ground out 4-3 (Groundball, 4, EV 79.4 MPH)
|
|
Batting: RHB Adryão Anto
|
0-0: Ground out 4-3 (Groundball, 4, EV 78.1 MPH)
|
| Top of the 7th over - 0 runs, 0 hits, 0 errors, 0 left on base; Round Rock 4 - Nashville 1 |
| BOTTOM OF THE 7TH |
|
Nashville Sounds batting - Pitching for Round Rock Express : LHP Jordan Ruiz
|
|
Batting: RHB Yonetoshi Muranaka
|
0-0: Swinging Strike 0-1: Ball 1-1: Swinging Strike 1-2: Ball 2-2: Ball 3-2: Strikes out swinging
|
|
Batting: RHB Tony Crespo
|
0-0: Foul Ball, location: 2F 0-1: Foul Ball, location: 2F 0-2: Strikes out swinging
|
|
Batting: SHB Robert Santiago
|
0-0: Foul Ball, location: 2F 0-1: Called Strike 0-2: Strikes out swinging
|
| Bottom of the 7th over - 0 runs, 0 hits, 0 errors, 0 left on base; Round Rock 4 - Nashville 1 |
| TOP OF THE 8TH |
|
Round Rock Express batting - Pitching for Nashville Sounds : RHP Ben Voorhees
|
|
Pitching: RHP Ricky Lopez
|
|
|
Batting: RHB Jeremy Boerman
|
0-0: Ball 1-0: Ball 2-0: Foul Ball, location: 2F 2-1: Ball 3-1: Foul Ball, location: 2F 3-2: Fly out, F9 (Flyball, 9LSF, EV 94.4 MPH)
|
|
Batting: SHB Javy Rosa
|
0-0: Ball 1-0: Ball 2-0: Ball 3-0: Called Strike 3-1: Base on Balls
|
|
Batting: LHB Barend van der Kamp
|
0-0: Ball 1-0: Called Strike 1-1: Ball 2-1: Ball 3-1: Base on Balls Javy Rosa to second
|
|
Batting: SHB Pat Wilson
|
0-0: Ball 1-0: Ball 2-0: Foul Ball, location: 2F 2-1: Ball 3-1: Called Strike 3-2: Foul Ball, location: 2F 3-2: Strikes out swinging
|
|
Batting: RHB Noah Stanley
|
0-0: Called Strike 0-1: Foul Ball, location: 2F 0-2: Ground out 5-3 (Groundball, 56S, EV 83.1 MPH)
|
| Top of the 8th over - 0 runs, 0 hits, 0 errors, 2 left on base; Round Rock 4 - Nashville 1 |
| BOTTOM OF THE 8TH |
|
Nashville Sounds batting - Pitching for Round Rock Express : LHP Jordan Ruiz
|
|
Now in RF: Ernie Weathersbee
|
|
|
Batting: LHB Tomas Segarra
|
0-0: Ball 1-0: Ball 2-0: Foul Ball, location: 2F 2-1: Reached on error, E4 (Groundball, 4M, EV 84.4 MPH)
|
|
Batting: RHB Tim Cordle
|
0-0: Swinging Strike 0-1: Fly out, F9 (Line Drive, 9, EV 88.1 MPH)
|
|
Batting: RHB David Herrera
|
0-0: Ball 1-0: Ball 2-0: Fly out, F5 (Flyball, 5D, EV 80.6 MPH)
|
|
Batting: RHB Jonathan Ellis
|
0-0: Ball 1-0: Called Strike 1-1: Foul Ball, location: 2F 1-2: Foul Ball, location: 2F 1-2: Strikes out looking
|
| Bottom of the 8th over - 0 runs, 0 hits, 1 error, 1 left on base; Round Rock 4 - Nashville 1 |
| TOP OF THE 9TH |
|
Round Rock Express batting - Pitching for Nashville Sounds : RHP Ricky Lopez
|
|
Pitching: RHP Jesus Gonzales
|
|
|
Pinch Hitting: LHB Cooper Broomhall
|
0-0: Ball 1-0: Foul Ball, location: 2F 1-1: Ball 2-1: Ball 3-1: Base on Balls
|
|
Batting: SHB Dan Lash
|
0-0: Called Strike 0-1: Bunted foul 0-2: Ball 1-2: Ball 2-2: Ball 3-2: Base on Balls Cooper Broomhall to second
|
|
Batting: RHB Ivan Colon
|
0-0: Ball 1-0: Bunt missed! 1-1: Sac Bunt to 2L - play at first, batter OUT! 2-4 Cooper Broomhall to third Dan Lash to second
|
|
Batting: RHB Adryão Anto
|
0-0: Swinging Strike 0-1: Swinging Strike 0-2: Foul Ball, location: 2F 0-2: Strikes out swinging
|
|
Batting: RHB Jeremy Boerman
|
0-0: Ball 1-0: Foul Ball, location: 2F 1-1: Foul Ball, location: 2F 1-2: Ball 2-2: Ball 3-2: Reached on error, E5 (Groundball, 5L, EV 100.0 MPH) Cooper Broomhall scores Dan Lash scores
|
|
Batting: SHB Javy Rosa
|
0-0: Ball 1-0: Ball 2-0: Foul Ball, location: 2F 2-1: Foul Ball, location: 2F 2-2: Foul Ball, location: 2F 2-2: Ball 3-2: Ground out 3-1 (Groundball, 34, EV 90.6 MPH)
|
| Top of the 9th over - 2 runs, 0 hits, 1 error, 1 left on base; Round Rock 6 - Nashville 1 |
| BOTTOM OF THE 9TH |
|
Nashville Sounds batting - Pitching for Round Rock Express : LHP Jordan Ruiz
|
|
Now at 3B: Ivan Colon
|
|
|
Now at SS: Masashi Yukizawa
|
|
|
Batting: LHB Gregg Power
|
0-0: Called Strike 0-1: Called Strike 0-2: DOUBLE (Flyball, 78XD, EV 96.2 MPH)
|
|
Batting: RHB Wade Diamond
|
0-0: Ground out 4-3 (Groundball, 4, EV 77.5 MPH) Gregg Power to third
|
|
Batting: RHB Yonetoshi Muranaka
|
0-0: Ball 1-0: Called Strike 1-1: Foul Ball, location: 2F 1-2: Foul Ball, location: 2F 1-2: Foul Ball, location: 2F 1-2: Ground out 6-3 (Groundball, 6S, EV 70.6 MPH) Gregg Power scores
|
|
Batting: RHB Tony Crespo
|
0-0: Swinging Strike 0-1: Swinging Strike 0-2: Strikes out swinging, 2-3 out at first.
|
| Bottom of the 9th over - 1 run, 1 hit, 0 errors, 0 left on base; Round Rock 6 - Nashville 2 |
|